 Dungeon Crawl Stone Soup version 0.31-a0-167-g1c394c0614 (webtiles) character file.

Game seed: 12475142972052537755

65 qw the Shooter (level 4, -2/28 HPs)
             Began as a Gargoyle Hunter on June 14, 2023.
             Slain by Sigmund
             ... wielding a +0 scythe
              (6 damage)
             ... on level 2 of the Dungeon.
             The game lasted 00:00:30 (1289 turns).

qw the Shooter (Gargoyle Hunter)                    Turns: 1289, Time: 00:00:31

Health: -2/28      AC: 13    Str: 14    XL:     4   Next: 13%
Magic:  4/4        EV: 11    Int: 10    God:
Gold:   81         SH:  0    Dex: 15    Spells: 3/3 levels left

rFire   . . .        Y - +0 shortbow
rCold   . . .        (shield currently unavailable)
rNeg    + . .        d - +0 ring mail
rPois   inf          (no helmet)
rElec   +            f - +0 cloak
rCorr   .            (no gloves)
SInv    .            (no boots)
Will    .....        (no amulet)
Stlth   +            h - +4 ring of protection
HPRegen 0.24/turn    (no ring)
MPRegen 0.09/turn

%: no passive effects
@: no status effects
A: sickness immunity, AC +3, negative energy resistance 1, electricity
resistance, torment resistance 1, petrification resistance
a: no special abilities


You were on level 2 of the Dungeon.
You visited 1 branch of the dungeon, and saw 2 of its levels.

You collected 81 gold pieces.


Innate Abilities, Weirdness & Mutations

You are immune to sickness and miasma.
Your stone body is resilient. (AC +3)
You are immune to poison.
You resist negative energy. (rN+)
You are resistant to electric shocks. (rElec)
You are resistant to unholy torment.
You are immune to petrification.


   Skills:
 - Level 3.0 Fighting
 + Level 5.0 Ranged Weapons
 - Level 1.3 Armour
 - Level 1.5 Dodging
 - Level 1.1 Stealth


You had 3 spell levels left.
You didn't know any spells.
Your spell library was empty.

Inventory:

Hand Weapons
 Y - a +0 shortbow (weapon)
Armour
 d - a +0 ring mail (worn)
 f - a +0 cloak (worn)
Jewellery
 a - a +5 ring of evasion
 c - an amulet of magic regeneration
 h - a +4 ring of protection (left hand)
Scrolls
 b - a scroll of revelation {unknown}
Potions
 e - a potion of mutation {unknown}
 g - a potion of haste {unknown}
 i - a potion of attraction {unknown}

Dungeon Overview and Level Annotations

Branches:
Dungeon (2/15)

Altars:

Annotations:
D:2 Sigmund


Message History

You shoot an arrow. You shoot an arrow. Something hits you but does no damage.
You shoot an arrow.
You hear some strange, mumbled words.
Something tries to affect you, but you resist.
You shoot an arrow. Something hits you.
You shoot an arrow.
You hear some strange, mumbled words.
You are confused.
You shoot an arrow. Something hits you.
You shoot an arrow. Something hits you.
You shoot an arrow. Something hits you but does no damage.
You shoot an arrow.
A magic dart appears from out of thin air!
The magic dart hits you but does no damage.
You shoot an arrow.
You feel less confused. Something completely misses you.
You shoot an arrow. Something hits you but does no damage.
You shoot an arrow. Something hits you.
You shoot an arrow.
A magic dart appears from out of thin air!
The magic dart hits you but does no damage.
You shoot an arrow.
You hear some strange, mumbled words.
Something tries to affect you, but you resist.
You shoot an arrow. Something hits you but does no damage.
You shoot an arrow. Something hits you!
You shoot an arrow. Something hits you.
You die...

####### ### #...... ..#
######.####+ #.#
#....#.#777) #.# ....
#.#7...
#.####.####.#7.}#
.#######.#.........'..##
.......@...........'..##
######.#.#.##.####.#7.}#
#{#.#.##.# ###7...
..#.#.##.######777.
.###.#.#.......####' ..
..#.#.........##. #.
###.#..........%. #.
............###
#.#.........#


There were no monsters in sight!

Vanquished Creatures
  2 adders (D:2)
  A dart slug (D:1)
  2 endoplasms
  3 giant cockroaches
  9 goblins
  3 hobgoblins
  3 quokkas
  2 ball pythons
  8 bats (D:1)
  2 frilled lizards (D:2)
  2 kobolds (D:2)
  6 rats
43 creatures vanquished.

Notes
Turn   | Place    | Note
-------+----------+-------------------------------------------
     0 | D:1      | qw the Gargoyle Hunter began the quest for the Orb.
     0 | D:1      | Reached XP level 1. HP: 12/12 MP: 1/1
     0 | D:1      | 0 ||| qw: Version: 0.2-a-29-g1fa15c8
     0 | D:1      | 0 ||| qw: Game counter: 4878
     0 | D:1      | 0 ||| qw: Always use a shield: true
     0 | D:1      | 0 ||| qw: God list: Okawaru
     0 | D:1      | 0 ||| qw: Allow faded altars: false
     0 | D:1      | 0 ||| qw: Do Orc after D:15 true
     0 | D:1      | 0 ||| qw: Do second Lair branch before Depths: true
     0 | D:1      | 0 ||| qw: Lair rune preference: random
     0 | D:1      | 0 ||| qw: Plans: Normal, Zot:1-4, Slime:5, God:TSO, Crypt,
                  | Tomb, Abyss, Pan, Hells, Win
     0 | D:1      | 0 ||| PLANNING D:1-11
   220 | D:1      | Reached XP level 2. HP: 17/17 MP: 2/2
   738 | D:1      | Reached XP level 3. HP: 21/21 MP: 3/3
   740 | D:1      | Reached skill level 5 in Ranged Weapons
   896 | D:1      | 896 ||| UPGRADING to +0 ring mail.
   906 | D:1      | 906 ||| DROPPING +0 leather armour.
   907 | D:1      | 907 ||| UPGRADING to +0 cloak.
   912 | D:1      | 912 ||| UPGRADING to +4 ring of protection.
   913 | D:1      | 913 ||| READING scroll labelled SEASAET LOVVI.
   914 | D:1      | 914 ||| READING scroll labelled ENECSO PEAF.
   915 | D:1      | 915 ||| DROPPING scroll of butterflies.
  1097 | D:2      | Reached skill level 1 in Armour
  1245 | D:2      | Reached skill level 3 in Fighting
  1245 | D:2      | Reached XP level 4. HP: 28/28 MP: 4/4
  1264 | D:2      | Noticed Sigmund
  1288 | D:2      | HP: 4/28 [something (7)]
  1289 | D:2      | Slain by Sigmund

Levels and vault maps discovered:
D:1:      matt_arrival_spirals, layout_loops_corners
D:2:      minmay_diamond_boxcup, layout_basic, kennysheep_generic_room_6,
          uniq_sigmund

Skill      XL: |  1  2  3 |
---------------+----------+-----
Ranged Weapons | 5 |  5.0
Armour         | 1 |  1.3
Fighting       | 3 |  3.0
Dodging        | |  1.5
Stealth        | |  1.1

Action                     |  1- 3 |  4- 6 || total
---------------------------+-------+-------++-------
   Fire: Shortbow          |   109 |    24 ||   133
    Use: Scroll            |     2 |       ||     2
 Armour: Leather armour    |    19 |       ||    19
         Ring mail         |    11 |     6 ||    17
  Dodge: Dodged            |    26 |     1 ||    27

Table legend:
 A = Non-vault XP
 B = Vault XP
 C = Vault XP percentage of total XP
 D = Non-vault monster count
 E = Vault monster count
 F = Vault count percentage of total count
                 A         B        C        D         E       F
            +---------+---------+-------+---------+---------+-------
      Total |      67 |      26 |  28.0 |      34 |       9 |  20.9
            +---------+---------+-------+---------+---------+-------
        D:1 |      44 |       0 |   0.0 |      27 |       0 |   0.0
        D:2 |      23 |      26 |  53.1 |       7 |       9 |  56.2
            +---------+---------+-------+---------+---------+-------
